 Dungeon Crawl Stone Soup version 0.17.1-3-g152610e (webtiles) character file.

2991 Goblin1989 the Cleaver (level 9, 61/61 HPs)
             Began as a Demonspawn Gladiator on Mar 10, 2016.
             Was a Priest of Trog.
             Quit the game on level 7 of the Dungeon.
             The game lasted 00:18:21 (6453 turns).

Goblin1989 the Cleaver (Demonspawn Gladiator)       Turns: 6453, Time: 00:18:21

Health: 61/61      AC: 22    Str: 18    XL:     9   Next: 54%
Magic:  9/9        EV:  7    Int:  9    God:    Trog [***...]
Gold:   442        SH:  0    Dex: 15    Spells: 0 memorised, 8 levels left

rFire  . . .     SeeInvis .     a - +0 war axe
rCold  + . .     Clarity  .     f - +4 plate armour
rNeg   . . .     SustAt   .     (no shield)
rPois  .         Gourm    .     c - +0 helmet
rElec  .         Spirit   .     k - +0 cloak
rCorr  .         Warding  .     F - +1 pair of gloves {archery}
rMut   .         Stasis   .     (boots unavailable)
MR     .....                    (no amulet)
Stlth  ..........               (no ring)
                                (no ring)

@: not resistant to hostile enchantments, extremely unstealthy
A: talons 3, molten scales 1, cold resistance 1, demonic guardian 1
a: Berserk, Trog's Hand, Burn Spellbooks, Renounce Religion


You were on level 7 of the Dungeon.
You worshipped Trog.
Trog was most pleased with you.
You were not hungry.

You visited 1 branch of the dungeon, and saw 7 of its levels.

You collected 442 gold pieces.

Inventory:

Hand Weapons
 a - a +0 war axe (weapon)
Missiles
 d - 4 throwing nets (quivered)
Armour
 c - a +0 helmet (worn)
 f - a +4 plate armour (worn)
 k - a +0 cloak (worn)
 F - a +1 pair of gloves of archery (worn)
Rods
 J - a +0 rod of destruction (13/13)
   (You found it on level 6 of the Dungeon)
Jewellery
 l - a +5 ring of strength {unknown}
 o - an uncursed ring of ice {unknown}
 q - an uncursed ring of poison resistance {unknown}
 u - a +3 ring of strength {unknown}
 L - an uncursed amulet of resist corrosion {unknown}
Wands
 s - a wand of teleportation (4)
 y - a wand of slowing (31)
 C - a wand of draining (10)
 I - a wand of random effects (39)
 O - a wand of fireball (3)
Scrolls
 b - 4 scrolls of teleportation {unknown}
 e - a scroll of noise {unknown}
 h - 2 scrolls of enchant weapon {unknown}
 j - 2 scrolls of recharging {unknown}
 m - a scroll of blinking {unknown}
 p - 2 scrolls of fear {unknown}
 t - 2 scrolls of remove curse {unknown}
 v - a scroll of immolation {unknown}
 w - 3 scrolls of identify {unknown}
 B - a scroll of magic mapping {unknown}
 D - 4 scrolls of fog {unknown}
 E - a scroll of random uselessness {unknown}
 K - a scroll of enchant armour {unknown}
Potions
 i - 3 potions of curing {unknown}
 n - a potion of lignification {unknown}
 r - 3 potions of brilliance {unknown}
 z - a potion of mutation {unknown}
 A - 2 potions of degeneration {unknown}
 G - a potion of haste {unknown}
 H - a potion of might {unknown}
Books
 M - a book of Beasts

   Spells                             Type                      Level
   a - Summon Butterflies             Summoning                    1
   b - Call Canine Familiar           Summoning                    3
   c - Summon Ice Beast               Ice/Summoning                4
   d - Summon Mana Viper              Hexes/Summoning              5
   e - Summon Hydra                   Summoning                    7
   Trog disapproves of the use of such an item.
Comestibles
 g - 4 meat rations
 x - 6 bread rations
 N - 6 beef jerkies


   Skills:
 - Level 2.0 Fighting
 * Level 9.6 Axes
 + Level 5.1 Throwing
 + Level 6.2 Armour
 - Level 2.6 Dodging


You had 8 spell levels left.
You didn't know any spells.

Dungeon Overview and Level Annotations

Branches:
Dungeon (7/15)             Temple (0/1) D:5

Altars:
Dithmenos
Gozag
Sif Muna
Trog
The Shining One

Annotations:
D:4 Sigmund


Innate Abilities, Weirdness & Mutations

You have claws for feet.
You are partially covered in molten scales (AC +1).
Your flesh is cold resistant.
A weak demonic guardian rushes to your aid.


Message History

There is an open door here.
Found 27 arrows.
y - a wand of slowing You see here 27 arrows.
You now have 429 gold pieces (gained 16).
You open the door.
Found a stone staircase leading down.
There is an open door here.
As you open the door, it creaks loudly!
There is an open door here.
Found 11 bolts.
You now have 442 gold pieces (gained 13).
You open the door.
O - a wand of fireball You are starving!
You need to eat something NOW!
Eat which item? (? for menu, Esc to quit)
You continue eating. x2
You finish eating.
That meat ration really hit the spot!
Are you sure you want to abandon this character and quit the game? (Confirm with "yes".)

...# #.#.# ##.#
#.#.# ##.## #.#.#
##..# #.#'##
###.######....#
.........#....#
.##..###.#....####
.###.## .#(#.....#
.# #.)##.#.#####@#
.####.##.#.# #.#
.......#.#.# #.#
#####..#.#.# #.#
#....#(# #.#
#.#..#.# #.#
#.#..#.# #.#
#####.##.#.# #..
...........#


There were no monsters in sight!

Vanquished Creatures
  The ghost of kaze the Nimble, a novice TrBe of Trog (D:6)
  The ghost of kaze the Skirmisher, a novice GrBe of Trog (D:4)
  An ice beast (D:5)
  4 ogres
  4 orc warriors
  A phantom (D:6)
  2 giant frogs (D:6)
  A gnoll sergeant (D:6)
  3 scorpions
  4 crimson imps (D:5)
  2 centaur zombies
  A giant frog zombie (D:5)
  A giant frog skeleton (D:7)
  2 orc priests (D:7)
  4 hounds
  6 orc wizards
  3 worker ants
  A worker ant zombie (D:7)
  6 gnolls (D:6)
  8 adders
  An ooze (D:1)
  An adder zombie (D:5)
  4 worms
  2 adder skeletons
  3 giant geckos
  16 orcs
  3 giant cockroaches
  9 hobgoblins
  12 jackals
  8 kobolds
  A ball python (D:7)
  10 bats
  A giant gecko skeleton (D:4)
  2 giant newts
  11 goblins
  13 rats
153 creatures vanquished.

Vanquished Creatures (collateral kills)
  A giant frog (D:6)
  An orc (D:6)
2 creatures vanquished.

Grand Total: 155 creatures vanquished

Notes
Turn   | Place    | Note
--------------------------------------------------------------
     0 | D:1      | Goblin1989 the Demonspawn Gladiator began the quest for the Orb.
     0 | D:1      | Reached XP level 1. HP: 16/16 MP: 1/1
   197 | D:1      | Reached skill level 3 in Axes
   248 | D:1      | Gained mutation: You have sharp toenails. [demonic ancestry]
   248 | D:1      | Reached XP level 2. HP: 22/22 MP: 2/2
   472 | D:1      | Reached skill level 1 in Armour
   872 | D:2      | Reached XP level 3. HP: 27/27 MP: 3/3
  1536 | D:2      | Reached skill level 4 in Axes
  1624 | D:2      | Gained mutation: You are partially covered in molten scales (AC +1). [demonic ancestry]
  1624 | D:2      | Reached XP level 4. HP: 33/33 MP: 4/4
  2106 | D:3      | Found a faded altar to an unknown god.
  2135 | D:3      | Became a worshipper of Trog the Wrathful
  2135 | D:3      | Reached * piety under Trog
  2171 | D:4      | Noticed kaze's ghost (novice GrBe)
  2183 | D:4      | Killed kaze's ghost
  2183 | D:4      | Reached skill level 5 in Axes
  2183 | D:4      | Gained mutation: Your flesh is cold resistant. [demonic ancestry]
  2183 | D:4      | Reached XP level 5. HP: 37/38 MP: 5/5
  2183 | D:4      | Reached XP level 6. HP: 42/44 MP: 6/6
  2487 | D:4      | Reached skill level 6 in Axes
  2678 | D:4      | Noticed Sigmund
  2679 | D:4      | Noticed an ogre
  2883 | D:5      | Entered Level 5 of the Dungeon
  3028 | D:5      | Gained mutation: You have razor-sharp toenails. [demonic ancestry]
  3028 | D:5      | Reached XP level 7. HP: 39/50 MP: 7/7
  3613 | D:5      | Found a staircase to the Ecumenical Temple.
  3796 | D:5      | Reached skill level 7 in Axes
  4123 | D:5      | Gained mutation: A weak demonic guardian rushes to your aid. [demonic ancestry]
  4123 | D:5      | Reached XP level 8. HP: 31/56 MP: 8/8
  4493 | D:6      | Found a deep blue altar of Sif Muna.
  4520 | D:6      | Reached ** piety under Trog
  4585 | D:6      | Found a glowing golden altar of the Shining One.
  4697 | D:6      | Noticed kaze's ghost (novice TrBe)
  4714 | D:6      | Killed kaze's ghost
  4714 | D:6      | Reached skill level 8 in Axes
  4714 | D:6      | Reached skill level 5 in Armour
  4729 | D:6      | Gained mutation: You have claws for feet. [demonic ancestry]
  4729 | D:6      | Reached XP level 9. HP: 25/61 MP: 9/9
  5129 | D:6      | Reached skill level 9 in Axes
  5379 | D:6      | Found a shadowy altar of Dithmenos.
  5499 | D:6      | Found an opulent altar of Gozag.
  6012 | D:7      | Reached *** piety under Trog
  6083 | D:7      | Reached skill level 5 in Throwing
  6453 | D:7      | Quit the game

Action                   |  1- 3 |  4- 6 |  7- 9 || total
-------------------------+-------+-------+-------++-------
Melee: War axe           |   131 |   180 |   409 ||   720
Invok: Berserk           |       |     2 |     1 ||     3
       Burn Spellbooks   |       |       |     1 ||     1
 Stab: Distracted        |       |       |     2 ||     2
  Eat: Chunk             |     2 |       |     5 ||     7
       Bread ration      |     2 |       |       ||     2
       Beef jerky        |       |       |     3 ||     3
       Meat ration       |       |       |     1 ||     1
